Map: Ice and Chrome LE

Players

LiquidClem (Clem)

  • Race: Terran Terran
  • League: Grandmaster
  • Spawn Location: 7:00

uwuThermal (uThermal) - Winner!

  • Race: Terran Terran
  • League: Grandmaster
  • Spawn Location: 1:00

VOD

https://www.youtube.com/watch?v=RAnLn-A_sZU&ab_channel=uThermal

Description

Time

  • Played on: Aug. 31, 2020, 8:37 a.m.
  • Length: 10:00
Show
View Real Time Build Order
Export as new Build Order

LiquidClem Terran 

Build Orders: Reaper Expand 

Get SALT Encoding   

  12  0:00  SCV  
  13  0:12  SCV  
  14  0:16  Supply Depot  
  14  0:24  SCV  
  15  0:38  SCV  
  15  0:39  Barracks  
  16  0:43  Refinery  
  16  0:50  SCV  
  17  1:02  SCV  
  18  1:14  SCV  
  19  1:26  Orbital Command  
  19  1:27  Reaper  
  20  1:41  Command Center  
  20  1:51  Supply Depot  
  20  1:52  SCV  
  21  1:58  Marine  
  22  2:04  SCV  
  22  2:07  Factory  
  23  2:16  SCV  
  23  2:17  Refinery  
  23  2:21  Barracks Reactor  
  24  2:28  SCV  
  25  2:40  SCV  
  26  2:52  SCV  
  26  2:53  Starport  
  26  2:54  Orbital Command  
  26  2:58  Marine x2  
  29  3:00  Factory Tech Lab  
  29  3:04  SCV  
  30  3:16  Marine x2  
  30  3:17  SCV  
  30  3:18  Cyclone  
  30  3:19  SCV, Refinery  
  37  3:27  Supply Depot  
  37  3:29  SCV  
  37  3:30  Starport Tech Lab  
  37  3:33  SCV  
  39  3:35  Marine x2  
  39  3:41  SCV  
  42  3:42  Supply Depot  
  42  3:45  SCV  
  43  3:52  Raven  
  43  3:55  SCV  
  46  3:57  SCV  
  47  4:06  Siege Tank  
  47  4:09  Command Center  
  50  4:12  SCV  
  50  4:14  SCV  
  50  4:16  Marine x2  
  54  4:22  Supply Depot  
  54  4:24  SCV  
  54  4:26  SCV  
  56  4:34  Marine x2  
  56  4:36  SCV  
  56  4:37  Raven  
  49  4:43  SCV  
  45  4:48  SCV  
  45  4:52  Marine x2  
  46  4:55  SCV  
  46  5:00  SCV  
  46  5:01  Siege Tank  
  50  5:08  SCV  
  50  5:10  Marine x2  
  50  5:12  SCV  
  54  5:20  SCV  
  54  5:21  Orbital Command  
  55  5:22  Refinery  
  55  5:23  Raven  
  55  5:25  SCV  
  57  5:32  SCV  
  57  5:34  Supply Depot  
  58  5:37  SCV  
  58  5:39  Marine x2  
  61  5:44  SCV  
  61  5:48  SCV  
  63  5:50  Siege Tank  
  63  5:51  SCV  
  63  5:56  SCV  
  68  6:03  Barracks  
  68  6:04  Barracks  
  68  6:05  SCV  
  68  6:10  Orbital Command  
  70  6:12  SCV  
  70  6:15  Marine  
  70  6:16  Viking x2  
  75  6:20  SCV  
  75  6:25  SCV  
  77  6:26  Siege Tank  
  77  6:30  Engineering Bay  
  77  6:32  Supply Depot, Engineering Bay  
  80  6:33  SCV  
  80  6:36  Stimpack, Marine  
  80  6:38  SCV  
  83  6:41  SCV  
  83  6:45  SCV  
  85  6:50  SCV  
  85  6:53  SCV  
  82  6:57  SCV, Viking  
  82  6:58  Viking  
  82  7:01  Marine  
  87  7:02  SCV  
  87  7:05  SCV  
  89  7:09  SCV, Terran Infantry Weapons Level 1  
  89  7:15  SCV, Barracks Reactor  
  91  7:17  SCV  
  91  7:20  Supply Depot  
  91  7:22  SCV, Barracks Reactor  
  93  7:26  Supply Depot  
  93  7:27  SCV  
  93  7:28  Barracks  
  93  7:29  SCV, Barracks  
  95  7:31  Supply Depot  
  95  7:34  SCV  
  95  7:39  SCV, Refinery x2, Marine  
  95  7:41  SCV  
  98  7:44  Siege Tank  
  98  7:46  SCV  
  98  7:47  Supply Depot  
  98  7:51  SCV, Medivac x2  
  107  7:53  SCV  
  107  7:56  Supply Depot  
  108  7:58  Terran Infantry Armor Level 1  
  108  8:00  Marine  
  108  8:01  Marine x2  
  108  8:03  SCV, Marine  
  108  8:04  SCV  
  114  8:07  Marine  
  114  8:11  SCV  
  116  8:14  Command Center  
  116  8:16  Barracks Reactor, Supply Depot  
  116  8:17  Barracks Reactor  
  116  8:18  Marine x2  
  118  8:20  Combat Shield  
  118  8:21  Barracks Tech Lab x2  
  118  8:22  SCV  
  118  8:26  Siege Tank  
  122  8:27  Marine  
  122  8:28  SCV x2  
  120  8:35  Marine  
  120  8:36  Marine  
  113  8:41  Marine x2  
  113  8:42  Marauder  
  113  8:43  Medivac x2  
  113  8:44  Marauder  
  113  8:45  Marine  
  113  8:47  Concussive Shells, Supply Depot  
  124  8:48  SCV  
  124  8:49  SCV  
  124  8:53  Marine  
  125  8:57  Marine  
  125  8:59  Marine x2  
  125  9:00  SCV  
  111  9:03  Marine, Siege Tank  
  111  9:04  Marauder  
  111  9:05  Marine  
  115  9:12  Marine  
  116  9:17  Marauder  
  116  9:22  Marine  
  116  9:23  Marine  
  116  9:24  Marauder  
  120  9:25  Marauder  
  105  9:37  SCV  
  105  9:38  SCV  
  80  9:39  Marauder  
  81  9:46  SCV  
Show
View Real Time Build Order
Export as new Build Order

uwuThermal Terran - Winner!

Build Orders: Gas First Reaper Expand, Hellion Opening, Liberator Opening, Mech 

Get SALT Encoding   

  12  0:00  SCV  
  13  0:12  SCV  
  14  0:16  Supply Depot  
  14  0:24  SCV  
  14  0:27  Refinery  
  15  0:38  SCV  
  16  0:44  Barracks  
  16  0:50  SCV  
  17  1:02  SCV  
  18  1:14  SCV  
  19  1:30  Reaper  
  19  1:31  Orbital Command  
  20  1:40  Command Center  
  20  1:51  Factory  
  20  1:57  SCV  
  21  2:04  Barracks Reactor  
  21  2:09  SCV  
  21  2:12  Supply Depot  
  22  2:20  Refinery  
  22  2:21  SCV  
  22  2:33  SCV  
  23  2:42  Starport  
  23  2:44  Hellion x2  
  27  2:45  SCV  
  28  2:54  Orbital Command, Barracks Tech Lab  
  28  2:57  SCV  
  29  3:05  Hellion x2  
  33  3:13  Marauder  
  35  3:22  Concussive Shells, Medivac  
  35  3:26  Hellion  
  39  3:27  Hellion  
  39  3:30  Supply Depot  
  41  3:36  Marauder  
  41  3:37  SCV  
  41  3:38  SCV  
  45  3:45  Supply Depot  
  45  3:52  Hellion x2  
  50  3:55  SCV x2  
  50  4:00  Liberator  
  54  4:08  SCV x2  
  56  4:20  SCV  
  56  4:21  SCV  
  56  4:23  Marine x2  
  57  4:32  SCV  
  57  4:33  SCV  
  57  4:40  Marine  
  57  4:41  Marine  
  57  4:42  Siege Tank  
  62  4:46  Command Center  
  62  4:57  SCV x2  
  62  4:58  Marine  
  65  5:03  Starport Tech Lab  
  65  5:05  Refinery  
  65  5:06  Refinery  
  65  5:09  SCV x2  
  65  5:10  Supply Depot  
  67  5:14  Siege Tank  
  67  5:20  Supply Depot  
  70  5:31  SCV x2, Raven, Marine x2  
  70  5:35  Supply Depot  
  76  5:44  SCV x2  
  76  5:46  Siege Tank  
  76  5:49  Marine x2  
  83  5:56  SCV x2  
  82  6:08  SCV x2  
  84  6:12  Engineering Bay  
  84  6:18  Factory x2, Siege Tank  
  84  6:20  SCV x2  
  84  6:22  Barracks Reactor  
  84  6:25  Orbital Command  
  89  6:32  Viking x2, SCV x2  
  95  6:39  Supply Depot, Refinery  
  95  6:43  Refinery  
  95  6:44  SCV x2  
  95  6:45  Missile Turret x2  
  97  6:50  Siege Tank  
  96  6:55  SCV  
  96  6:56  SCV  
  96  7:02  Viking x2  
  96  7:04  SCV  
  96  7:07  SCV  
  98  7:10  SCV  
  98  7:13  Siege Tank  
  102  7:16  SCV  
  102  7:17  Missile Turret  
  102  7:18  Hellion  
  102  7:19  Missile Turret  
  102  7:21  SCV, Missile Turret  
  106  7:25  Siege Tank  
  106  7:26  SCV  
  106  7:29  Supply Depot  
  110  7:32  Viking  
  112  7:37  Viking  
  112  7:40  Hellion  
  116  7:44  SCV  
  116  7:45  Supply Depot x2  
  116  7:51  SCV x2, Hellion, Siege Tank  
  123  7:58  SCV  
  123  8:00  Armory x2  
  123  8:01  Hellion  
  125  8:07  Viking, Hellion  
  129  8:14  Viking, Hellion  
  133  8:21  Command Center  
  133  8:22  Siege Tank  
  133  8:25  Supply Depot, Siege Tank  
  137  8:38  Viking  
  127  8:44  Viking, Hellion x2  
  133  8:54  Siege Tank  
  129  8:57  Hellion  
  118  9:05  Hellion  
  118  9:06  Hellion  
  118  9:07  Factory  
  118  9:09  Factory  
  122  9:14  SCV  
  122  9:15  Command Center  
  123  9:19  Hellion  
  123  9:23  Viking  
  124  9:27  Hellion x2, Siege Tank  
  124  9:34  SCV  
  114  9:54  Factory Reactor, Factory Tech Lab  
Tags
 
Add a new tag
Caveats
  • Supply blocks, unpowered buildings, or Contaminate may cause inaccurate times.
  • Supply counts are checked every 10 seconds.